Cogmind - Beta 13 @@@ ROGUE MODE // 2024.04.17 @ 16:15:42 Player: Person Guy Result: Destroyed by D-53 Grenadier with Mini Grenade Launcher Performance ------------- Evolutions (1) 500 Regions Visited (4) 800 Robots Destroyed (51) 255 Value Destroyed (1105) 1105 Prototype IDs (8) 160 Alien Tech Used (0) 0 Bonus (-40) -40 TOTAL SCORE: 2780 Bonus ------- Friendly Fire -40 Cogmind --------- Core Integrity 0/400 Matter 242/300 Energy 100/100 System Corruption 0% Temperature Cool (0) Movement Core (400) Ox7 Location -9/Mines Parts ------- > --- POWER (1) -------- (None) > --- PROPULSION (3) --- (None) > --- UTILITY (3) ------ Cooling System Large Storage Unit Hacking Suite > --- WEAPON (2) ------- (None) > --- INVENTORY (15) --- Improved Treads Improved Treads Improved Treads Large Storage Unit Light Armor Plating Hacking Suite Hacking Suite Hacking Suite Advanced Beam Cannon Advanced Beam Cannon Assault Rifle Light Assault Rifle Light Cannon Improved Grenade Launcher Peak State ------------ > --- POWER ------------ Light Ion Engine > --- PROPULSION ------- Improved Treads Improved Treads Improved Treads > --- UTILITY ---------- Cooling System Large Storage Unit Hacking Suite > --- WEAPON ----------- Improved Medium Laser Improved Grenade Launcher > --- INVENTORY -------- Improved Ion Engine Improved Treads Improved Treads Improved Treads Large Storage Unit Light Armor Plating Hacking Suite Hacking Suite Advanced Beam Cannon Advanced Beam Cannon Assault Rifle Light Assault Rifle Autogun Light Cannon Improved Grenade Launcher [Rating: 22] Favorites ----------- Power Light Ion Engine Engine Light Ion Engine Propulsion Improved Treads Treads Improved Treads Utility Large Storage Unit Device Cooling System Storage Large Storage Unit Hackware Hacking Suite Protection Light Armor Plating Weapon Assault Rifle Energy Gun Improved Medium Laser Energy Cannon Advanced Beam Cannon Ballistic Gun Assault Rifle Launcher Improved Grenade Launcher Build | -11 -10 -10 -9 -9 ------- Run | Yrd Mat Min Mat Min Slots Evolved 2 | . . . 2 . Power . | . . . . . Propulsion 1 | . . . 1 . Utility 1 | . . . 1 . Weapon . | . . . . . Parts Attached 37 | 6 6 . 21 4 Power 7 | 1 1 . 4 1 Engine 7 | 1 1 . 4 1 Core . | . . . . . Reactor . | . . . . . Propulsion 12 | 2 2 . 8 . Treads 12 | 2 2 . 8 . Leg . | . . . . . Wheel . | . . . . . Hover . | . . . . . Flight . | . . . . . Utility 6 | 1 1 . 4 . Device 2 | . . . 2 . Storage 2 | 1 1 . . . Processor . | . . . . . Hackware 1 | . . . 1 . Protection 1 | . . . 1 . Artifact . | . . . . . Weapon 12 | 2 2 . 5 3 Energy Gun 3 | 1 1 . 1 . Energy Cannon 1 | . . . 1 . Ballistic Gun 6 | 1 1 . 3 1 Ballistic Cannon . | . . . . . Launcher 2 | . . . . 2 Special Weapon . | . . . . . Impact Weapon . | . . . . . Slashing Weapon . | . . . . . Piercing Weapon . | . . . . . Special Melee Weapon . | . . . . . Unidentified Prototypes 1 | . . . 1 . Parts Lost 9 | . . . 1 8 Power 3 | . . . 1 2 Propulsion 3 | . . . . 3 Utility . | . . . . . Weapon 3 | . . . . 3 Highest Loss Streak 7 | . . . 1 7 To Critical Strikes . | . . . . . Average Slot Usage (%) 93 | . 83 85 98 98 Engine 11 | . 12 14 10 10 Treads 31 | . 27 28 32 32 Device 6 | . . . 9 11 Storage 12 | . 14 14 11 11 Hackware 6 | . . . 9 11 Energy Gun 7 | . 11 . 5 10 Ballistic Gun 15 | . 16 28 16 10 Naked Turns . | . . . . . Heaviest Build 36 | 14 29 29 36 35 Greatest Support 69 | 40 40 40 69 69 Greatest Overweight (x) 3 | 2 3 . . . Average Overweight (x) . | . . . . . Largest Inventory Capacity 15 | 8 15 15 15 15 Average Capacity 13 | 6 8 15 15 15 Most Carried 15 | 5 8 8 15 15 Average Carried 9 | 2 5 8 9 14 Final Capacity 15 | 8 15 15 15 15 Final Carried 15 | 3 8 8 15 14 Class Distribution -------------------- 100% | Mutant Dominant Class ---------------- Mutant | -10/Materials Mutant | -10/Mines Mutant | -9/Materials Mutant | -9/Mines Resources | -11 -10 -10 -9 -9 ----------- Run | Yrd Mat Min Mat Min Matter Collected 1140 | 236 192 . 613 99 Remotely . | . . . . . Salvage Created 1776 | . 631 . 945 200 Parts 97 | . 28 . 56 13 Haulers Intercepted 5 | . 1 . 4 . Recyclers Shooed 3 | . 2 . 1 . Parts Field Recycled . | . . . . . Retrieved Matter . | . . . . . Parts Self-Destructed . | . . . . . Prevented . | . . . . . Kills | -11 -10 -10 -9 -9 ------- Run | Yrd Mat Min Mat Min Combat Hostiles Destroyed 35 | . 12 . 17 6 Guns 34 | . 12 . 17 5 AOE 1 | . . . . 1 Classes Destroyed 9 | . 7 . 2 . Worker 1 | . 1 . . . Hauler 5 | . 1 . 4 . Recycler 3 | . 1 . 1 1 Mechanic 1 | . 1 . . . Operator 6 | . 1 . 4 1 Swarmer 13 | . 3 . 6 4 Grunt 17 | . 9 . 7 1 Duelist 2 | . . . 1 1 Sentry 3 | . . . 3 . Best Kill Streak 4 | . 3 . 4 4 Combat Bots Only 4 | . 3 . 3 4 Max Kills in Single Turn 2 | . 2 . 2 2 Gunslinging . | . . . . . Exploded 1 | . . . . 1 Melee . | . . . . . Uniques/NPCs Destroyed . | . . . . . Combat | -11 -10 -10 -9 -9 -------- Run | Yrd Mat Min Mat Min Hostile Shots Fired 182 | . 37 . 108 37 Missed 47 | . 8 . 35 4 Damage Taken 2304 | . 314 . 885 1105 Core 479 | . 63 . 90 326 Absorbed by Shields . | . . . . . Core Remaining (%) 87 | 100 . 74 . . Volleys Fired 150 | . 36 . 92 22 Largest 2 | . 2 . 2 2 Hottest 92 | . 70 . 76 92 Shots Fired 297 | . 72 . 183 42 Gun 291 | . 72 . 183 36 Cannon . | . . . . . Launcher 6 | . . . . 6 Special . | . . . . . Kinetic 217 | . 36 . 162 19 Thermal 74 | . 36 . 21 17 Explosive 6 | . . . . 6 Electromagnetic . | . . . . . Robot Hit Streak 14 | . 14 . 13 6 Robot Miss Streak 6 | . 3 . 6 3 Penetration Max . | . . . . . Secondary Targets 4 | . 1 . 2 1 Max Gunslinging Chain 1 | . 1 . 1 1 Shots Hit Robots 186 | . 54 . 110 22 Core Hits 89 | . 30 . 48 11 Critical Kills 1 | . . . 1 . Critical Parts Destroyed . | . . . . . Critical Strikes 7 | . 3 . 3 1 Burn 6 | . 3 . 2 1 Destroy 1 | . . . 1 . Melee Attacks . | . . . . . Impact . | . . . . . Slashing . | . . . . . Piercing . | . . . . . Sneak Attacks . | . . . . . Combat Hostiles . | . . . . . Follow-up Attacks . | . . . . . Damage Inflicted 2650 | . 710 . 1403 537 Guns 2382 | . 699 . 1403 280 Cannons . | . . . . . Explosions 236 | . . . . 236 Melee . | . . . . . Ramming 32 | . 11 . . 21 Kinetic 1585 | . 348 . 1110 127 Thermal 797 | . 351 . 293 153 Explosive 236 | . . . . 236 Electromagnetic . | . . . . . Impact . | . . . . . Slashing . | . . . . . Piercing . | . . . . . Highest Corruption . | . . . . . Average Corruption . | . . . . . Corruption Purged . | . . . . . Corruption Blocked . | . . . . . Overload Shots . | . . . . . Overflow Damage 7 | . . . . 7 Projectiles . | . . . . . Explosions 7 | . . . . 7 Melee . | . . . . . Knockbacks 1 | . 1 . . . Impact 1 | . 1 . . . Kinetic . | . . . . . Secondary . | . . . . . Self-Inflicted Damage 75 | . . . . 75 Shots 3 | . . . . 3 Rammed 6 | . 2 . . 4 Targets Rammed 6 | . 2 . . 4 Kicked . | . . . . . Crushed . | . . . . . Highest Temperature 72 | . 72 . 2 . Average Temperature 23 | . 24 . 2 . Received Heat Transfer 321 | . 129 . 186 6 Siege Activations . | . . . . . Robots Corrupted . | . . . . . Combat Hostiles . | . . . . . Parts Fried . | . . . . . Impact Corruptions . | . . . . . Robots Melted . | . . . . . Combat Hostiles . | . . . . . Parts Melted 2 | . 1 . 1 . Heat Transferred 2442 | . 1258 . 777 407 Parts Sabotaged . | . . . . . Parts Stolen . | . . . . . Parts Stripped . | . . . . . Power Chain Reactions . | . . . . . Alert | -11 -10 -10 -9 -9 ------- Run | Yrd Mat Min Mat Min Peak Influence 238 | . 238 1 201 164 Initial 32 | . . 1 . 32 Average 51 | . 73 1 47 39 Maximum Alert Level 1 | . 1 . 1 . Low Security (%) 96 | 100 92 100 98 100 Level 1 3 | . 7 . 1 . Level 2 . | . . . . . Level 3 . | . . . . . Level 4 . | . . . . . Level 5 . | . . . . . High Security . | . . . . . Max Security . | . . . . . Squads Dispatched 5 | . 1 . 4 . Investigation . | . . . . . Extermination . | . . . . . Reinforcement 5 | . 1 . 4 . Assault . | . . . . . Garrison . | . . . . . Intercept . | . . . . . Searches Triggered . | . . . . . Construction Impeded . | . . . . . Haulers Reinforced . | . . . . . Active Scanning Responses . | . . . . . Cargo Convoy Interrupts . | . . . . . Stealth | -11 -10 -10 -9 -9 --------- Run | Yrd Mat Min Mat Min Distress Signals 10 | . 2 . 8 . Communications Jammed . | . . . . . Distress Signals . | . . . . . Times Spotted 73 | . 25 . 40 8 Peak Tracking Total 7 | . 5 . 7 4 Tactical Retreats 4 | . 2 . 2 . Traps | -11 -10 -10 -9 -9 ------- Run | Yrd Mat Min Mat Min Traps Triggered 2 | . 2 . . . Indirectly . | . . . . . Trap Hack Attempts . | . . . . . Triggered . | . . . . . Disarmed . | . . . . . Reprogrammed . | . . . . . Reused . | . . . . . Traps Extracted . | . . . . . Installed . | . . . . . Triggered . | . . . . . Machines | -11 -10 -10 -9 -9 ---------- Run | Yrd Mat Min Mat Min Machines Disabled 2 | . . . . 2 Max in Single Turn 1 | . . . . 1 Machines Repaired . | . . . . . Machines Dismantled . | . . . . . Machines Sabotaged . | . . . . . Overloaded Fab Kills . | . . . . . Hacking | -11 -10 -10 -9 -9 --------- Run | Yrd Mat Min Mat Min Machines Accessed 13 | . 7 . 6 . Terminals 12 | . 7 . 5 . Fabricators . | . . . . . Repair Stations . | . . . . . Recycling Units . | . . . . . Scanalyzers 1 | . . . 1 . Garrison Access . | . . . . . Total Hacks 39 | . 16 . 23 . Successful 20 | . 8 . 12 . Failed 18 | . 8 . 10 . Catastrophic 3 | . 2 . 1 . Database Lockouts 1 | . . . 1 . Manual 23 | . 14 . 9 . Terminals 37 | . 16 . 21 . Fabricators . | . . . . . Repair Stations . | . . . . . Recycling Units . | . . . . . Scanalyzers 2 | . . . 2 . Garrison Access . | . . . . . Terminal Hacks 14 | . 5 . 9 . Prototype ID Bank 8 | . 5 . 3 . Emergency Access Points 1 | . . . 1 . Alert Level 1 | . . . 1 . Unreport Threat 1 | . . . 1 . Recall Reinforcements 1 | . . . 1 . Registered Components 1 | . . . 1 . Registered Prototypes 1 | . . . 1 . Fabricator Hacks . | . . . . . Repair Station Hacks . | . . . . . Recycling Unit Hacks . | . . . . . Scanalyzer 2 | . . . 2 . Insert Component 1 | . . . 1 . Analyze 1 | . . . 1 . Garrison Access Hacks . | . . . . . Unauthorized Hacks 4 | . 3 . 1 . Terminals 4 | . 3 . 1 . Assimilate 2 | . 2 . . . Operators 2 | . 1 . 1 . Fabricators . | . . . . . Repair Stations . | . . . . . Recycling Units . | . . . . . Scanalyzers . | . . . . . Garrison Access . | . . . . . Data Cores Recovered . | . . . . . Used . | . . . . . Hacking Detections 9 | . 5 . 4 . Full Trace Events . | . . . . . Feedback Events . | . . . . . Feedback Blocked . | . . . . . Robot Schematics Acquired . | . . . . . Robots Built . | . . . . . Authchips . | . . . . . Time . | . . . . . Total Robot Build Rating . | . . . . . Part Schematics Acquired 1 | . . . 1 . Parts Built . | . . . . . Authchips . | . . . . . Time . | . . . . . Total Part Build Rating . | . . . . . Parts Repaired . | . . . . . Time . | . . . . . Parts Recycled . | . . . . . Recycled Matter . | . . . . . Retrieved Matter . | . . . . . Retrieved Components . | . . . . . Parts Scanalyzed 1 | . . . 1 . Part Schematics Acquired 1 | . . . 1 . Parts Damaged . | . . . . . Bothacking | -11 -10 -10 -9 -9 ------------ Run | Yrd Mat Min Mat Min Used RIF Installer . | . . . . . Robots Hacked . | . . . . . Non-combat . | . . . . . Combat . | . . . . . Robot Hacks Applied . | . . . . . Relay Couplers Released . | . . . . . Fabnet Peak Effective % . | . . . . . Robots Rewired . | . . . . . Allies Hacked . | . . . . . Hacks Repelled . | . . . . . Allies | -11 -10 -10 -9 -9 -------- Run | Yrd Mat Min Mat Min Total Allies 2 | . 2 . . . Largest Group 2 | . 2 2 2 1 Highest-Rated Group 20 | . 20 20 20 10 Highest-Rated Ally 10 | . 10 10 10 10 Total Orders . | . . . . . Ally Attacks . | . . . . . Total Damage . | . . . . . Kills . | . . . . . Allies Corrupted . | . . . . . Allies Melted . | . . . . . Intel | -11 -10 -10 -9 -9 ------- Run | Yrd Mat Min Mat Min Robot Analysis Total . | . . . . . Derelict Logs Recovered 2 | . . 1 . 1 Drone Launches . | . . . . . Drone Recoveries . | . . . . . Exploration | -11 -10 -10 -9 -9 ------------- Run | Yrd Mat Min Mat Min Turns Passed 4389 | 74 1320 138 2196 661 Spaces Moved 2366 | 45 715 87 1154 365 Core 22 | 21 1 . . . Treads 2344 | 24 714 87 1154 365 Legs . | . . . . . Wheels . | . . . . . Hover . | . . . . . Flight . | . . . . . Fastest Speed 50 | 50 160 160 160 160 Average Speed 159 | 130 160 160 160 160 Slowest Speed 200 | 160 200 160 160 160 Overloaded Moves . | . . . . . Propulsion Burnouts . | . . . . . Robots Hopped . | . . . . . Cave-ins Triggered . | . . . . . Exploration Rate (%) 51 | 4 86 41 64 64 Regions Visited 4 Branch Regions 2 Pre-discovered Areas . | . . . . . Known Exits Taken 1 | . . 1 . . Unknown Exits Taken 3 | 1 1 . 1 . Scrap Searched 3 | . . 1 . 2 Spaces Dug . | . . . . . Terrain Destroyed 39 | . . . . 39 Melee . | . . . . . Projectile . | . . . . . AOE 39 | . . . . 39 Terrain Rammed . | . . . . . Walls Destroyed . | . . . . . Machines Disabled . | . . . . . Actions | -11 -10 -10 -9 -9 --------- Run | Yrd Mat Min Mat Min Total 2703 | 60 819 86 1337 401 Wait 78 | 1 44 . 28 5 Move 2362 | 44 714 86 1153 365 Hop . | . . . . . Pick Up 50 | 9 13 . 27 1 Fast Attach . | . . . . . Attach 34 | 6 5 . 21 2 Detach 2 | . . . 2 . Swap 3 | . 1 . . 2 Drop 18 | . 4 . 14 . Fire 150 | . 36 . 92 22 Melee . | . . . . . Ram . | . . . . . Kick . | . . . . . Crush 6 | . 2 . . 4 Escape Stasis . | . . . . . Rewire . | . . . . . Trap . | . . . . . Miscellaneous . | . . . . . Route ------- -11/Scrapyard -10/Materials (discovered 4 exits: *Mat x3 / [*Min]) -10/Mines -9/Materials (discovered 2 exits: [*Mat] / [*Min]) -9/Mines (discovered 1 exit: [*Mat]) History --------- Turn | Location | Event 5 | -11/Scrapyard | Discovered new exit (range 15) 75 | -11/Scrapyard | Entered Materials 96 | -10/Materials | Discovered new exit (range 15) 315 | -10/Materials | Build established: Mutant 753 | -10/Materials | Discovered new exit (range 9) 1069 | -10/Materials | Discovered new exit (range 10) 1238 | -10/Materials | Discovered new exit (range 16) 1395 | -10/Materials | Entered Mines 1395 | -10/Mines | Accompanied by 2 allies 1434 | -10/Mines | Identified exit to Materials 1533 | -10/Mines | Entered Materials 1533 | -9/Materials | Accompanied by 2 allies 1533 | -9/Materials | Evolved 2 slots: Propulsion x1, Utility x1 2561 | -9/Materials | Discovered new exit (range 8) 2718 | -9/Materials | Discovered new exit (range 16) 3124 | -9/Materials | Central database locked down 3729 | -9/Materials | Entered Mines 3729 | -9/Mines | Accompanied by 1 ally 3740 | -9/Mines | Learned location of 1 exit from Lower Caves 3749 | -9/Mines | Met a Derelict bent on vengeance 3827 | -9/Mines | Discovered new exit (range 13) 4359 | -9/Mines | Assembled infested the area 4364 | -9/Mines | Assisted by a Guerilla fighting off Assembled 4378 | -9/Mines | Core integrity fell below 50% 4387 | -9/Mines | Core integrity fell below 20% 4390 | -9/Mines | Destroyed by D-53 Grenadier with Mini Grenade Launcher Last Messages --------------- coming from, and they're closing on this area, come on!" 04369_ C-30 ARC bursts open, deploying its payload. 04369_ D-53 Grenadier unfolds itself. 04372_ Imp. Treads destroyed. 04372_ D-53 Grenadier suffers critical hit (Burn). 04373_ Imp. Treads destroyed. 04376_ Imp. Medium Laser destroyed. 04377_ The unstable cave ceiling collapses. 04381_ Pulverizer disabled. 04382_ The unstable cave ceiling collapses. 04386_ Imp. Treads destroyed. 04386_ Destroyed Imp. Treads. 04388_ The unstable cave ceiling collapses. 04388_ Imp. Ion Engine destroyed. 04388_ Autogun destroyed. 04390_ The unstable cave ceiling collapses. 04390_ Imp. Grenade Launcher destroyed. Map ----- +----------------------------------------------------+ | ?????????????????????????????????????? | | #?????????????????????????????????????????? | | #?????????????????????????????????????????? | | #?????????????????????????????????????????? | | #?????????????????????????????????????????? | | #?????????????????????????????????????????? | | #?????????????????????????????????????????? | | #?????????????????????????????????????????? | | #?????????????????????????????????????????? | | #?????????????????????????????????????????? | | #?????????????????????????????????????????? | | #?????????????????????????????????????????? | | ###???????????????????????????????????????? | | ##??????????????????????????????????????? | | #??????????????????????????????????????? | | #??????????????????????????????????????? | | ##?????????????????????????????#????????? | | # #???????????????????########## #????????? | | ? ??????????????????# """" # ##???????? | | ? ###?????????????????# " #???????? | | ? #???????????????????# " #???????? | | ? ??????????????????## #???????? | | ?? ???????????###???## d % #???????? | | ?? ??????????## ##?# d #????????? | | ??